 Dungeon Crawl Stone Soup version 0.17-a0-1105-gbe8b664 (webtiles) character file.

17 Hanyuu the Insei (level 2, -1/18 HPs)
             Began as an Octopode Transmuter on May 22, 2015.
             Slain by a hobgoblin (5 damage)
             ... on level 1 of the Dungeon.
             The game lasted 00:01:45 (761 turns).

Hanyuu the Insei (Octopode Transmuter)               Turns: 761, Time: 00:01:45

Health: -1/18      AC:  1    Str:  9    XL:     2   Next: 62%
Magic:  5/5        EV: 12    Int: 15    God:
Gold:   11         SH:  0    Dex: 12    Spells: 2 memorised, 2 levels left

rFire  . . .     SeeInvis .       - Unarmed
rCold  . . .     Clarity  .     (no shield)
rNeg   . . .     SustAb   .     (helmet restricted)
rPois  .         Gourm    +     e - amulet of the gourmand
rElec  .         Spirit   .     (no ring)
rCorr  .         Warding  .     (no ring)
rMut   .         Stasis   .     (no ring)
MR     .....                    (no ring)
Stlth  ++........               (no ring)
                                (no ring)
                                (no ring)
                                (no ring)

@: not resistant to hostile enchantments, unstealthy
A: almost no armour, amphibious, 8 rings, constrict 8, camouflage 1, gelatinous
body 1
a: no special abilities


You were on level 1 of the Dungeon.
You were not hungry.

You visited 1 branch of the dungeon, and saw 1 of its levels.

You collected 11 gold pieces.

Inventory:

Missiles
 a - 10 arrows
 h - 8 arrows of flame
Jewellery
 e - an amulet of the gourmand (around mantle)
Scrolls
 f - a scroll of identify {unknown}
Potions
 d - a potion of degeneration {unknown}
 g - a potion of brilliance {unknown}
 i - a potion of curing {unknown}
Books
 b - a book of Changes

   Spells                             Type                      Level
   a - Beastly Appendage              Transmutation                1
   b - Sticks to Snakes               Transmutation                2
   c - Spider Form                    Transmutation/Poison         3
   d - Ice Form                       Ice/Transmutation            4
   e - Blade Hands                    Transmutation                5
Comestibles
 c - a bread ration


   Skills:
 - Level 1.0 Fighting
 - Level 2.0 Dodging
 + Level 3.9 Unarmed Combat
 - Level 2.0 Spellcasting
 - Level 2.0 Transmutations


You had 2 spell levels left.
You knew the following spells:

 Your Spells              Type           Power        Failure   Level  Hunger
a - Beastly Appendage     Trmt           #.....       12%         1    #......
b - Sticks to Snakes      Trmt           #.........   14%         2    ###....


Dungeon Overview and Level Annotations

Branches:
Dungeon (1/15)

Altars:


Innate Abilities, Weirdness & Mutations

You cannot wear most types of armour.
You are amphibious.
You can wear up to eight rings at the same time.
You can use your tentacles to constrict eight enemies at once.
Your skin changes colour to match your surroundings (Stealth).
Your rubbery body absorbs attacks (AC +1).


Message History

A hobgoblin comes into view.
You completely miss the kobold. Your grab misses the kobold.
The kobold hits you with a whip.
You barely miss the kobold. You grab the kobold.
You constrict the kobold, but do no damage.
The kobold hits you with a whip.
You barely miss the kobold. You tentacle-slap the kobold.
The kobold is moderately wounded.
You constrict the kobold, but do no damage.
The kobold hits you with a whip.
* * * LOW HITPOINT WARNING * * *
You are too injured to fight recklessly!
You completely miss the kobold. You squeeze the kobold.
You kill the kobold!
There is an open door here.
The hobgoblin completely misses you.
You tentacle-slap the hobgoblin. You grab the hobgoblin.
The hobgoblin is lightly wounded.
You constrict the hobgoblin. The hobgoblin hits you.
You die...

...............#.. ..#
#..# #######...(....#..
..# #..#
###............... ..#
#..# #.........#######.
..##+## ##..#
#.#.###.#########.#......#
#.... #.......##.....#
........# #....
###.######.....# #.......#
##.<#
###.######.....###.####+#
####
...............'@g......#
..#....###.....####.###.#
....)..###.....# #).......
..##....)......# #..##.#..
..##...........# #...
..+............# #....
..##......####.# #.....
..##......# #.# #......
..##......# #.# ###.#..#


You could see a hobgoblin.

Vanquished Creatures
  A giant cockroach (D:1)
  A hobgoblin (D:1)
  3 jackals (D:1)
  3 kobolds (D:1)
  A ball python (D:1)
  A bat (D:1)
  A giant newt (D:1)
  2 goblins (D:1)
  2 rats (D:1)
15 creatures vanquished.

Vanquished Creatures (collateral kills)
  A jackal (D:1)
1 creature vanquished.

Grand Total: 16 creatures vanquished

Notes
Turn   | Place    | Note
--------------------------------------------------------------
     0 | D:1      | Hanyuu the Octopode Transmuter began the quest for the Orb.
     0 | D:1      | Reached XP level 1. HP: 13/13 MP: 3/3
   318 | D:1      | Reached XP level 2. HP: 5/18 MP: 5/5
   533 | D:1      | Learned a level 2 spell: Sticks to Snakes
   761 | D:1      | Slain by a hobgoblin

Vault maps used:
D:1:      minmay_arrival_wavy_path, hangedman_decor_growths

Action                   || total
-------------------------++-------
Melee: Unarmed           ||    35
 Cast: Sticks to Snakes  ||     2
       Beastly Appendage ||     1
 Stab: Sleeping          ||     1
  Eat: Chunk             ||     6
